Map: Thunderbird LE

Players

BackupK (Gerald)

  • Race: Protoss Protoss
  • Spawn Location: 5:00

starkiller - Winner!

  • Race: Zerg Zerg
  • Spawn Location: 11:00

VOD

Have the link to the VOD?

Description

Time

  • Played on: Sept. 6, 2019, 2:09 p.m.
  • Length: 13:30
Show
View Real Time Build Order
Export as new Build Order

BackupK Protoss 

Build Orders: Oracle Opening, Archon Immortal, Archon Drop 

Get SALT Encoding   

  12  0:00  Probe  
  13  0:12  Probe  
  14  0:19  Pylon  
  14  0:24  Probe  
  14  0:27  Assimilator  
  15  0:33  Probe  
  15  0:41  Probe  
  16  0:43  Gateway  
  17  0:52  Probe  
  18  1:04  Probe  
  19  1:16  Probe  
  20  1:23  Zealot  
  20  1:25  Assimilator  
  20  1:26  Pylon  
  20  1:31  Cybernetics Core  
  22  1:33  Probe  
  23  1:45  Gateway  
  23  1:46  Probe  
  24  1:58  Probe, Adept  
  27  2:10  Probe  
  28  2:23  Probe  
  29  2:32  Nexus  
  29  2:40  Adept  
  29  2:44  Warp Gate  
  31  2:49  Pylon  
  31  3:00  Stargate  
  31  3:07  Probe  
  32  3:16  Pylon  
  32  3:18  Adept  
  32  3:19  Probe  
  35  3:31  Probe  
  35  3:34  Oracle  
  34  3:43  Probe  
  34  3:48  Probe  
  39  3:51  Robotics Facility  
  39  3:53  Twilight Council  
  39  3:57  Probe  
  39  4:00  Probe  
  41  4:09  Probe  
  42  4:12  Probe  
  41  4:18  Assimilator  
  41  4:19  Assimilator  
  41  4:21  Probe  
  42  4:25  Pylon  
  42  4:26  Probe  
  42  4:29  Gateway  
  42  4:30  Gateway  
  43  4:33  Templar Archives  
  43  4:34  Probe  
  44  4:39  Probe  
  44  4:40  Warp Prism  
  45  4:46  Probe  
  45  4:51  Probe  
  49  4:56  Stalker  
  49  4:58  Probe  
  52  5:03  Probe  
  52  5:05  Pylon  
  53  5:11  Pylon, Probe  
  54  5:23  Probe x2  
  56  5:35  Probe x2  
  58  5:39  High Templar x4  
  66  5:43  Archon x2  
  66  5:45  Gateway  
  66  5:48  Gateway  
  66  5:49  Nexus  
  66  5:55  Pylon  
  66  6:00  Immortal  
  70  6:13  Probe x2  
  70  6:15  Charge  
  72  6:20  Forge  
  72  6:24  Adept x2  
  72  6:25  Probe x2  
  78  6:26  Pylon  
  78  6:28  Pylon  
  78  6:44  Immortal, Probe  
  78  6:46  Pylon  
  83  6:53  Pylon  
  83  7:01  Sentry x3  
  85  7:02  Zealot x3  
  85  7:04  Protoss Ground Weapons Level 1  
  85  7:06  Probe  
  92  7:08  Shield Battery  
  90  7:23  Zealot x3  
  90  7:27  Zealot  
  90  7:28  Zealot x2  
  82  7:42  Immortal  
  75  7:45  Probe  
  75  7:49  Zealot x6  
  92  7:54  Probe  
  88  8:01  Probe  
  80  8:10  High Templar x4  
  80  8:12  Zealot x2  
  88  8:20  Archon  
  88  8:21  Archon  
  77  8:27  Probe  
  77  8:29  Immortal  
  77  8:32  Sentry  
  77  8:33  Zealot  
  66  8:37  Probe  
  66  8:38  Gateway  
  67  8:41  Shield Battery  
  67  8:43  Zealot x2, High Templar x2  
  67  8:45  Gateway  
  67  8:48  Archon  
  73  8:51  Shield Battery  
  73  8:59  Zealot  
  73  9:00  Zealot  
  77  9:05  Pylon  
  77  9:06  Zealot x2  
  81  9:18  Protoss Ground Weapons Level 2  
  81  9:20  Zealot x4  
  81  9:23  Immortal  
  89  9:30  Gateway  
  89  9:34  High Templar  
  89  9:37  High Templar  
  97  9:45  Archon  
  97  9:49  Cybernetics Core  
  97  9:53  Zealot x2  
  101  10:02  Pylon  
  101  10:13  Zealot x2  
  101  10:14  Zealot x2  
  97  10:20  Warp Prism  
  77  10:23  Zealot  
  77  10:24  Zealot x2  
  71  10:35  Sentry  
  75  10:36  Sentry  
  77  10:47  High Templar x4  
  77  10:48  Zealot  
  87  10:50  Observer  
  87  10:52  Zealot  
  87  10:53  Archon x2  
  90  10:59  Zealot  
  90  11:01  Zealot  
  76  11:13  Zealot x2  
  72  11:19  Zealot  
  72  11:20  Zealot x2  
  72  11:25  Zealot  
  66  11:30  High Templar x2  
  70  11:35  Archon  
  70  11:36  Zealot x2  
  74  11:45  Zealot x2  
  70  11:54  High Templar x2  
  70  11:58  Archon  
  64  12:17  Zealot x4  
  66  12:24  Sentry  
  66  12:25  Sentry  
  64  12:31  Zealot x2  
  66  12:39  Zealot x4  
  64  12:54  High Templar x2  
  64  12:55  Zealot  
  68  12:59  Archon  
  68  13:01  Zealot x4  
  57  13:21  Zealot x3  
Show
View Real Time Build Order
Export as new Build Order

starkiller Zerg - Winner!

Build Orders: 3 Hatch before Pool 

Get SALT Encoding   

  12  0:00  Drone  
  13  0:08  Drone  
  14  0:15  Drone, Extractor  
  15  0:22  Overlord  
  15  0:40  Drone x2  
  17  0:54  Hatchery  
  16  0:57  Drone  
  17  1:19  Hatchery  
  17  1:22  Drone  
  17  1:26  Drone  
  18  1:39  Spawning Pool  
  17  1:41  Extractor  
  17  1:44  Drone  
  18  1:47  Drone  
  18  1:50  Drone  
  19  1:58  Overlord  
  19  2:06  Drone  
  19  2:07  Drone  
  21  2:10  Evolution Chamber  
  22  2:19  Drone x2  
  24  2:28  Drone, Queen x2  
  29  2:34  Drone  
  29  2:43  Metabolic Boost  
  29  2:44  Drone  
  29  2:45  Zergling x2  
  29  2:49  Zergling x4  
  33  3:07  Drone x2  
  33  3:12  Overlord  
  35  3:16  Overlord  
  35  3:22  Drone  
  35  3:24  Overlord  
  36  3:30  Queen  
  37  3:37  Zergling x4  
  37  3:40  Zergling x2  
  40  3:42  Overlord  
  40  3:43  Drone x3  
  40  3:45  Drone  
  40  3:47  Drone x2  
  46  4:01  Drone x2  
  48  4:05  Drone  
  48  4:09  Overlord  
  48  4:13  Hatchery  
  48  4:15  Drone x3  
  49  4:17  Drone  
  49  4:20  Extractor  
  49  4:22  Spore Crawler  
  49  4:23  Spore Crawler  
  47  4:24  Drone  
  48  4:31  Drone x2  
  48  4:37  Queen  
  52  4:39  Lair  
  52  4:41  Drone  
  52  4:42  Drone x2  
  52  4:43  Drone  
  52  4:45  Roach Warren, Drone  
  56  4:52  Drone  
  56  4:53  Extractor  
  56  4:54  Drone, Extractor  
  56  4:59  Spore Crawler  
  54  5:01  Drone  
  54  5:03  Drone  
  54  5:04  Drone x2  
  58  5:08  Drone  
  59  5:19  Overlord  
  59  5:25  Roach x6  
  70  5:32  Roach x2  
  73  5:37  Glial Reconstitution, Overlord x2  
  73  5:41  Overlord x2  
  73  5:47  Roach  
  73  5:48  Roach  
  79  5:50  Queen, Roach  
  79  5:55  Roach x3  
  87  5:57  Roach x2  
  87  5:59  Roach  
  93  6:04  Nydus Network  
  91  6:13  Roach x4  
  91  6:15  Roach  
  101  6:21  Roach x2  
  101  6:22  Roach  
  101  6:25  Roach  
  109  6:26  Roach  
  109  6:29  Roach  
  113  6:44  Overlord x2  
  113  6:51  Overlord  
  113  7:02  Overlord x2  
  113  7:03  Roach x6  
  113  7:04  Roach x2  
  129  7:12  Nydus Canal  
  125  7:24  Roach  
  125  7:25  Roach x8  
  125  7:26  Roach  
  135  7:31  Roach  
  135  7:32  Roach  
  129  7:38  Roach  
  129  7:39  Roach x3  
  129  7:43  Roach  
  133  7:45  Roach  
  133  7:50  Roach  
  125  7:52  Roach x2  
  121  8:00  Roach x3  
  121  8:03  Nydus Canal  
  121  8:04  Drone x2  
  121  8:05  Drone  
  126  8:06  Drone  
  126  8:12  Drone  
  118  8:26  Roach  
  110  8:28  Drone x7  
  110  8:32  Drone x2  
  113  8:39  Queen x2  
  115  8:47  Ravager x5  
  115  8:48  Ravager  
  121  8:51  Evolution Chamber, Extractor  
  121  8:52  Extractor  
  121  8:53  Drone x4  
  120  9:15  Roach x9  
  138  9:17  Zerg Missile Weapons Level 1  
  138  9:19  Roach  
  136  9:25  Roach  
  136  9:26  Roach x2  
  136  9:27  Roach  
  136  9:31  Overlord x2  
  144  9:32  Roach  
  146  9:39  Roach x2  
  146  9:40  Roach  
  146  9:43  Hatchery  
  151  9:45  Overlord  
  151  9:49  Overlord  
  151  9:50  Roach  
  153  9:56  Roach  
  155  10:00  Queen, Roach  
  155  10:01  Roach x4  
  155  10:03  Roach  
  155  10:05  Roach  
  171  10:12  Roach x3  
  132  10:22  Roach  
  132  10:28  Roach x2  
  126  10:31  Roach  
  126  10:32  Roach x2  
  126  10:33  Roach x4  
  140  10:41  Roach  
  139  10:44  Roach x2  
  141  10:51  Ravager  
  141  10:52  Ravager x5  
  141  10:54  Roach x3  
  141  10:55  Roach  
  157  10:57  Roach  
  157  10:58  Overlord x2  
  155  11:07  Roach x2  
  141  11:11  Roach  
  141  11:12  Roach  
  141  11:13  Roach  
  131  11:21  Roach  
  131  11:25  Roach x2  
  118  11:28  Roach x5  
  118  11:29  Roach  
  118  11:32  Roach x2  
  134  11:33  Roach  
  134  11:36  Roach  
  134  11:39  Roach  
  136  11:51  Roach x5  
  136  11:53  Roach  
  142  11:54  Ravager x4  
  144  12:05  Roach x5  
  142  12:20  Roach x7  
  142  12:24  Roach x2  
  142  12:27  Roach  
  136  12:42  Roach x3  
  133  12:44  Roach x2  
  133  12:46  Roach x2  
  133  12:47  Roach x2  
  133  12:49  Roach x2  
  139  12:53  Roach  
  139  12:54  Roach x2  
  139  12:57  Roach x2  
  153  12:58  Roach x2  
  153  12:59  Roach  
  149  13:11  Roach  
Tags
 
Add a new tag
Caveats
  • Supply blocks, unpowered buildings, or Contaminate may cause inaccurate times.
  • Supply counts are checked every 10 seconds.